[Event "SR 2. liga A 2007/2008"]
[Site "?"]
[Date "2008.02.04"]
[Round "9.6"]
[White "Beles, Milan"]
[Black "Goga, Frantisek"]
[Result "1-0"]
[ECO "A36"]
[WhiteElo "2103"]
[BlackElo "2004"]
[Annotator ",Kaiko"]
[PlyCount "97"]
[EventDate "2007.??.??"]
[WhiteTeam "Slovakia"]
[BlackTeam "Slovakia"]
[WhiteTeamCountry "SVK"]
[BlackTeamCountry "SVK"]
[TimeControl "240+2"]

{74MB, Hiarcs10.ctg} 1. e4 c5 2. g3 Nc6 3. Bg2 g6 4. Ne2 Bg7 5. O-O d6 6. c4 e6
7. Nbc3 Nge7 8. d3 O-O 9. Be3 Nd4 10. Rb1 Nec6 11. a3 Qa5 12. b4 Nxe2+ 13. Nxe2
cxb4 14. axb4 Qc7 15. b5 Ne5 16. b6 axb6 17. Bxb6 Qe7 18. f4 Nd7 19. Be3 Ra3
20. Qc2 Nc5 21. Rfd1 Bd7 22. Bxc5 dxc5 23. Rxb7 Qd6 24. e5 Qa6 25. Rdb1 Ra2 26.
Qd1 Rd8 27. Be4 Bf8 28. Nc3 Ra3 29. R7b3 Rxb3 30. Qxb3 Bc6 31. Kf2 Ra8 32. Ke3
Kg7 33. Bxc6 Qxc6 34. Qb7 Qxb7 35. Rxb7 h6 36. Ne4 Ra2 37. h4 Ra6 38. Rc7 Ra5
39. Kd2 Kg8 40. h5 Ra2+ 41. Ke3 Kg7 42. hxg6 Kxg6 43. g4 Rg2 44. f5+ exf5 45.
gxf5+ Kxf5 46. Rxf7+ Kxe5 47. Rxf8 Rh2 48. Nxc5 Rh3+ 49. Rf3 1-0

[Event "SR 2. liga A 2007/2008"]
[Site "?"]
[Date "2008.02.04"]
[Round "9.7"]
[White "Nepras, Martin"]
[Black "Michal, Silvio"]
[Result "0-1"]
[ECO "E12"]
[WhiteElo "1984"]
[BlackElo "2099"]
[Annotator ",Kaiko"]
[PlyCount "86"]
[EventDate "2007.??.??"]
[WhiteTeam "Slovakia"]
[BlackTeam "Slovakia"]
[WhiteTeamCountry "SVK"]
[BlackTeamCountry "SVK"]
[TimeControl "240+2"]

{74MB, Hiarcs10.ctg} 1. d4 Nf6 2. c4 e6 3. Nf3 b6 4. Nc3 Bb7 5. Bg5 Be7 6. e3
h6 7. Bh4 Ne4 8. Bxe7 Qxe7 9. Bd3 Nxc3 10. bxc3 c5 11. O-O cxd4 12. cxd4 O-O
13. Qe2 d6 14. Nd2 e5 15. d5 Nd7 16. e4 Nc5 17. Bc2 Ba6 18. f4 exf4 19. Rxf4
Qe5 20. Raf1 Rae8 21. Qf2 Re7 22. Bb3 Nd3 23. Qe3 Nxf4 24. Rxf4 f5 25. h4 fxe4
26. Rxe4 Qa1+ 27. Kh2 Rxe4 28. Qxe4 Bc8 29. Nf3 Qf6 30. Kg1 Bd7 31. Qd3 Qf4 32.
Bd1 Bf5 33. Qb3 Be4 34. h5 Re8 35. Qa4 Re7 36. Qb3 Bxf3 37. Bxf3 Qe3+ 38. Kh2
Qxb3 39. axb3 a5 40. Kg3 Re3 41. Kf4 Rxb3 42. Kf5 a4 43. Bd1 Rb4 0-1

[Event "SR 2. liga A 2007/2008"]
[Site "?"]
[Date "2008.02.04"]
[Round "9.8"]
[White "Zacik, Anton"]
[Black "Michalko, Peter"]
[Result "1-0"]
[ECO "C68"]
[WhiteElo "2106"]
[BlackElo "1668"]
[Annotator ",Kaiko"]
[PlyCount "45"]
[EventDate "2007.??.??"]
[WhiteTeam "Slovakia"]
[BlackTeam "Slovakia"]
[WhiteTeamCountry "SVK"]
[BlackTeamCountry "SVK"]
[TimeControl "240+2"]

{74MB, Hiarcs10.ctg} 1. e4 e5 2. Nf3 Nc6 3. Bb5 a6 4. Bxc6 dxc6 5. O-O Qd6 6.
Na3 Be6 7. b3 O-O-O 8. Nc4 Bxc4 9. bxc4 f5 10. Bb2 fxe4 11. Nxe5 Qe6 12. d4 Nf6
13. f4 Bd6 14. Qe2 Rhg8 15. c5 Bf8 16. c4 g6 17. Rab1 b6 18. Bc3 Nd7 19. cxb6
Nxe5 20. fxe5 cxb6 21. Rf6 Qd7 22. Rxb6 Kc7 23. Qb2 1-0

[Event "SR 2. liga A 2007/2008"]
[Site "?"]
[Date "2008.03.18"]
[Round "10"]
[White "Bogar, Tomas"]
[Black "Orosi, Peter"]
[Result "0-1"]
[ECO "D52"]
[WhiteElo "1681"]
[BlackElo "1884"]
[PlyCount "74"]
[EventDate "2007.??.??"]
[WhiteTeam "Slovakia"]
[BlackTeam "Slovakia"]
[WhiteTeamCountry "SVK"]
[BlackTeamCountry "SVK"]
[TimeControl "300"]

1. d4 Nf6 2. c4 e6 3. Nc3 d5 4. Nf3 c6 5. Bg5 Nbd7 6. e3 Qa5 7. Qa4 Qxa4 8.
Nxa4 dxc4 9. Nc3 b5 10. a4 Bb4 11. axb5 cxb5 12. Bxf6 Nxf6 13. Ne5 Bb7 14. f3
Nd5 15. Kd2 f6 16. Ng4 Ke7 17. e4 Nxc3 18. bxc3 Bd6 19. Be2 a5 20. Ra2 Rhc8 21.
Rha1 Bc7 22. Rb1 Bc6 23. g3 h5 24. Nf2 h4 25. f4 hxg3 26. hxg3 Rh8 27. Raa1 Rh2
28. Ng4 Rg2 29. Rg1 Rxg1 30. Rxg1 Bxe4 31. Re1 Bc6 32. Ne3 Kd7 33. Nc2 g5 34.
Rf1 gxf4 35. gxf4 f5 36. Na3 Bd6 37. Nc2 Rh8 0-1

[Event "SR 2. liga A 2007/2008"]
[Site "?"]
[Date "2008.03.18"]
[Round "10"]
[White "Czucz, Andrej"]
[Black "Sipkovsky, Stefan"]
[Result "1-0"]
[ECO "A25"]
[WhiteElo "1916"]
[BlackElo "1686"]
[PlyCount "43"]
[EventDate "2007.??.??"]
[WhiteTeam "Slovakia"]
[BlackTeam "Slovakia"]
[WhiteTeamCountry "SVK"]
[BlackTeamCountry "SVK"]
[TimeControl "300"]

1. c4 e5 2. Nc3 Nc6 3. g3 b6 4. Bg2 Bb7 5. e4 Bc5 6. Nge2 Nd4 7. d3 Nf6 8. O-O
c6 9. a3 a5 10. Na4 Nxe2+ 11. Qxe2 Bd4 12. Be3 c5 13. Bg5 h6 14. Be3 Bc6 15.
Nc3 d6 16. f4 Qd7 17. Bxd4 exd4 18. e5 Bxg2 19. exf6+ Qe6 20. Qxg2 O-O 21. Nd5
gxf6 22. f5 1-0

[Event "SR 2. liga A 2007/2008"]
[Site "?"]
[Date "2008.03.18"]
[Round "10"]
[White "Farkas, Sandor"]
[Black "Vrba, Michal"]
[Result "0-1"]
[ECO "C41"]
[WhiteElo "1857"]
[BlackElo "1970"]
[PlyCount "92"]
[EventDate "2007.??.??"]
[WhiteTeam "Slovakia"]
[BlackTeam "Slovakia"]
[WhiteTeamCountry "SVK"]
[BlackTeamCountry "SVK"]
[TimeControl "300"]

1. e4 d6 2. Nf3 Nf6 3. Nc3 e5 4. d4 Nbd7 5. Bc4 Be7 6. O-O O-O 7. dxe5 Nxe5 8.
Nxe5 dxe5 9. Bg5 c6 10. a3 Qc7 11. Bd3 Bg4 12. Qd2 Rad8 13. Qe3 b6 14. Qg3 Bh5
15. f4 exf4 16. Bxf4 Qd7 17. Kh1 Qg4 18. h3 Qxg3 19. Bxg3 Rfe8 20. Rae1 Bc5 21.
Bh4 Bd4 22. Kh2 Be5+ 23. Bg3 Bg6 24. Bxe5 Rxe5 25. Re3 Rde8 26. Rfe1 Nd5 27.
R3e2 Nxc3 28. bxc3 Ra5 29. Ra1 Rc5 30. c4 f6 31. Rae1 Bf7 32. e5 Rcxe5 33. Rxe5
Rxe5 34. Rxe5 fxe5 35. Kg3 g6 36. Kf3 Kg7 37. Be4 Be8 38. g4 g5 39. Bf5 h6 40.
Kg3 Kf6 41. h4 Bg6 42. Bd7 Be4 43. hxg5+ Kxg5 44. c3 c5 45. Kf2 Kf4 46. Ke2
Bf3+ 0-1

[Event "SR 2. liga A 2007/2008"]
[Site "?"]
[Date "2008.03.18"]
[Round "10"]
[White "Horvath, Mario"]
[Black "Pacher, Milan"]
[Result "1-0"]
[ECO "D03"]
[WhiteElo "2283"]
[BlackElo "2328"]
[PlyCount "99"]
[EventDate "2007.??.??"]
[WhiteTeam "Slovakia"]
[BlackTeam "Slovakia"]
[WhiteTeamCountry "SVK"]
[BlackTeamCountry "SVK"]
[TimeControl "300"]

1. d4 Nf6 2. Nf3 g6 3. Bg5 Bg7 4. Nbd2 d5 5. e3 O-O 6. Bd3 c5 7. c3 Nbd7 8. O-O
b6 9. b4 a5 10. bxc5 bxc5 11. Qe2 Qc7 12. Bf4 Qa7 13. h3 Nb6 14. Rfc1 Na4 15.
Bb5 Ba6 16. Rab1 Rfc8 17. Bxa6 Qxa6 18. Qxa6 Rxa6 19. Kf1 e6 20. c4 Ne4 21.
cxd5 Nec3 22. Rb7 exd5 23. Rc2 h6 24. Be5 cxd4 25. Bxd4 Rac6 26. Bxg7 Kxg7 27.
Nd4 R6c7 28. Rxc7 Rxc7 29. N2b3 Nb5 30. Rxc7 Nxc7 31. Nxa5 Nc3 32. a3 N7b5 33.
Nxb5 Nxb5 34. Nc6 Nxa3 35. Nb4 d4 36. exd4 Nb5 37. Nc2 Kf6 38. Ke2 Ke6 39. Kd3
Nd6 40. Ne3 f5 41. Nd1 g5 42. Nc3 h5 43. f4 gxf4 44. Ne2 Kf6 45. h4 Ne4 46.
Nxf4 Nf2+ 47. Kc4 Ng4 48. Nxh5+ Ke6 49. Kc5 Ne3 50. Nf4+ 1-0

[Event "SR 2. liga A 2007/2008"]
[Site "?"]
[Date "2008.03.18"]
[Round "10"]
[White "Janko, Michal"]
[Black "Vychodil, Michal"]
[Result "1/2-1/2"]
[ECO "B01"]
[WhiteElo "2143"]
[BlackElo "2074"]
[PlyCount "119"]
[EventDate "2007.??.??"]
[WhiteTeam "Slovakia"]
[BlackTeam "Slovakia"]
[WhiteTeamCountry "SVK"]
[BlackTeamCountry "SVK"]
[TimeControl "300"]

1. e4 d5 2. exd5 Qxd5 3. Nc3 Qa5 4. Bc4 Bf5 5. d3 c6 6. Bd2 e6 7. Nge2 Qc7 8.
Ng3 Bg6 9. f4 Bd6 10. Qf3 Ne7 11. Nce4 Nd7 12. Nxd6+ Qxd6 13. Bc3 O-O 14. O-O
b5 15. Bb3 Nc5 16. Be5 Qd7 17. Qf2 Nxb3 18. axb3 a5 19. Bc3 a4 20. bxa4 bxa4
21. Ra3 Ra6 22. Rfa1 Rfa8 23. b3 Nd5 24. Qd4 Qa7 25. Qxa7 R6xa7 26. Bd4 Ra6 27.
Rxa4 Rxa4 28. Rxa4 Rxa4 29. bxa4 Nxf4 30. a5 Nd5 31. a6 Nc7 32. a7 f6 33. Ne2
e5 34. Bc5 Bf5 35. Nc3 Kf7 36. Na4 Bc8 37. Bd6 Na8 38. Nc5 g5 39. Kf2 h5 40.
Ke3 Kg6 41. d4 exd4+ 42. Kxd4 Nb6 43. Na4 Na8 44. Kc5 Bb7 45. Nb6 Kf5 46. Nxa8
Bxa8 47. Kb6 Ke6 48. Kc7 c5 49. Bxc5 Bxg2 50. Bf2 f5 51. c4 f4 52. Kb8 h4 53.
a8=Q Bxa8 54. Kxa8 h3 55. c5 Kd5 56. Kb7 g4 57. c6 g3 58. hxg3 h2 59. c7 h1=Q
60. c8=Q 1/2-1/2

[Event "SR 2. liga A 2007/2008"]
[Site "?"]
[Date "2008.03.18"]
[Round "10"]
[White "Polacik, Igor"]
[Black "Nagy, Tomas"]
[Result "1/2-1/2"]
[ECO "B38"]
[WhiteElo "2130"]
[BlackElo "2183"]
[PlyCount "37"]
[EventDate "2007.??.??"]
[WhiteTeam "Slovakia"]
[BlackTeam "Slovakia"]
[WhiteTeamCountry "SVK"]
[BlackTeamCountry "SVK"]
[TimeControl "300"]

1. e4 c5 2. Nf3 d6 3. c4 Nf6 4. Nc3 g6 5. d4 cxd4 6. Nxd4 Bg7 7. Be2 O-O 8. Be3
Nc6 9. O-O Bd7 10. Rc1 Nxd4 11. Bxd4 Bc6 12. f3 a5 13. Nd5 Bxd5 14. cxd5 Nd7
15. Bxg7 Kxg7 16. Qd4+ Kg8 17. Bb5 Rc8 18. Rxc8 Qxc8 19. Bxd7 1/2-1/2

[Event "SR 2. liga A 2007/2008"]
[Site "?"]
[Date "2008.03.18"]
[Round "10"]
[White "Schwarz, Dusan"]
[Black "Vass, Frantisek"]
[Result "1-0"]
[ECO "C01"]
[WhiteElo "2284"]
[BlackElo "2417"]
[PlyCount "73"]
[EventDate "2007.??.??"]
[WhiteTeam "Slovakia"]
[BlackTeam "Slovakia"]
[WhiteTeamCountry "SVK"]
[BlackTeamCountry "SVK"]
[TimeControl "300"]

1. e4 c5 2. Nf3 e6 3. d4 d5 4. exd5 exd5 5. Bb5+ Nc6 6. O-O Bd6 7. Be3 c4 8. b3
cxb3 9. axb3 Bg4 10. Nbd2 Nge7 11. Bd3 Qc7 12. h3 Bf5 13. Bxf5 Nxf5 14. c4 O-O
15. Qb1 Qd7 16. c5 Be7 17. b4 Bf6 18. Qb2 Nd8 19. Bg5 Bxg5 20. Nxg5 f6 21. Ngf3
Ne6 22. b5 Nf4 23. Nb1 Qf7 24. Qd2 g5 25. Kh2 Qh5 26. Ng1 Nh6 27. Nc3 f5 28.
Rfe1 Rfe8 29. Nge2 Nxe2 30. Rxe2 Rxe2 31. Qxe2 Qh4 32. Rd1 Kf7 33. g3 Ng4+ 34.
Qxg4 Kf6 35. Nxd5+ Kf7 36. Qxf5+ Kg7 37. Qf6+ 1-0

[Event "SR 2. liga A 2007/2008"]
[Site "?"]
[Date "2008.03.18"]
[Round "10"]
[White "Slovik, Vojtech"]
[Black "Lukacovic, Miroslav"]
[Result "1/2-1/2"]
[ECO "C01"]
[WhiteElo "2037"]
[BlackElo "1983"]
[PlyCount "39"]
[EventDate "2007.??.??"]
[WhiteTeam "Slovakia"]
[BlackTeam "Slovakia"]
[WhiteTeamCountry "SVK"]
[BlackTeamCountry "SVK"]
[TimeControl "300"]

1. e4 e6 2. d4 d5 3. exd5 exd5 4. Qf3 Be6 5. Bf4 Bd6 6. Bd3 c6 7. Ne2 Bxf4 8.
Qxf4 Nf6 9. Nbc3 Nbd7 10. O-O Nh5 11. Qf3 Qh4 12. Rfe1 O-O 13. g3 Qg5 14. h4
Qg4 15. Qxg4 Bxg4 16. Kg2 Bxe2 17. Rxe2 Rfe8 18. Rae1 Kf8 19. Na4 Nhf6 20. Bf5
1/2-1/2

[Event "SR 2. liga A 2007/2008"]
[Site "?"]
[Date "2008.03.18"]
[Round "11"]
[White "Mihalik, Anton"]
[Black "Czucz, Andrej"]
[Result "0-1"]
[ECO "B25"]
[WhiteElo "1981"]
[BlackElo "1916"]
[PlyCount "90"]
[EventDate "2007.??.??"]
[TimeControl "300"]

1. e4 c5 2. Nc3 d6 3. g3 Nc6 4. Bg2 g6 5. d3 Bg7 6. Nge2 Nf6 7. O-O a6 8. h3
O-O 9. Kh2 Qc7 10. Be3 h6 11. Qd2 Kh7 12. f4 e6 13. g4 Ng8 14. Ng3 f5 15. exf5
exf5 16. gxf5 gxf5 17. Nd5 Qd8 18. c3 Be6 19. Rg1 Rc8 20. Nh5 Bh8 21. Bf3 Qe8
22. Qg2 Bxd5 23. Bxd5 Qxh5 24. Bf3 Qf7 25. Bd5 Qf6 26. Bf2 Nge7 27. Bb3 Na5 28.
Bc2 Nac6 29. Bb3 b5 30. Rae1 c4 31. dxc4 Rg8 32. Qf3 Na5 33. cxb5 Nxb3 34. axb3
Rxg1 35. Rxg1 axb5 36. Qb7 Rg8 37. Re1 Re8 38. Qxb5 Qf7 39. Qd7 Bf6 40. Qxd6
Rg8 41. Bd4 Bh4 42. Bf2 Ng6 43. Bxh4 Nxh4 44. Qe7 Nf3+ 45. Kh1 Rg1+ 0-1

[Event "SR 2. liga A 2007/2008"]
[Site "?"]
[Date "2008.03.18"]
[Round "11"]
[White "Mihalik, Marek"]
[Black "Schwarz, Dusan"]
[Result "0-1"]
[ECO "B08"]
[WhiteElo "2111"]
[BlackElo "2292"]
[PlyCount "84"]
[EventDate "2007.??.??"]
[TimeControl "300"]

1. d4 g6 2. e4 d6 3. Nc3 c6 4. Nf3 Bg7 5. h3 Nf6 6. a4 O-O 7. Bc4 Nxe4 8. Nxe4
d5 9. Bd3 dxe4 10. Bxe4 Nd7 11. c3 Nf6 12. Bc2 Qc7 13. O-O Be6 14. Re1 Bd5 15.
Qe2 Rfe8 16. Ne5 Rad8 17. f4 Nd7 18. f5 c5 19. Bf4 Nxe5 20. dxe5 e6 21. f6 Bxf6
22. c4 Bc6 23. Rad1 Bg7 24. Bd2 Rd7 25. Bc3 Red8 26. Rxd7 Rxd7 27. a5 Qd8 28.
Qe3 Bf8 29. Qf4 Be7 30. Re2 Bg5 31. Qf2 Qe7 32. Kh1 Bh4 33. Qe3 b6 34. axb6
axb6 35. Be4 Bxe4 36. Qxe4 Bg3 37. Rd2 Rxd2 38. Bxd2 Qd8 39. Qe2 Qa8 40. Qf1
Bxe5 41. Bc3 Bxc3 42. bxc3 Qe4 0-1

[Event "SR 2. liga A 2007/2008"]
[Site "?"]
[Date "2008.03.18"]
[Round "11"]
[White "Orosi, Peter"]
[Black "Gono, Michal"]
[Result "1-0"]
[ECO "D13"]
[WhiteElo "1884"]
[BlackElo "1682"]
[PlyCount "97"]
[EventDate "2007.??.??"]
[TimeControl "300"]

1. d4 d5 2. c4 c6 3. Nc3 Nf6 4. cxd5 cxd5 5. Nf3 Nc6 6. Bf4 Qa5 7. e3 Bg4 8. a3
Qb6 9. b4 e6 10. Qb3 Bxf3 11. gxf3 Nh5 12. Na4 Qd8 13. Bg3 Bd6 14. Nc5 Bxc5 15.
bxc5 Nxg3 16. fxg3 Rb8 17. Bb5 Ke7 18. Qc3 Qa5 19. Qxa5 Nxa5 20. Rb1 Rhc8 21.
Kd2 a6 22. Bd3 h6 23. Rb4 Nc6 24. Rb6 Kd7 25. Rhb1 Kc7 26. f4 f6 27. Rf1 Rf8
28. Bg6 Na5 29. Rxe6 Nc4+ 30. Kc3 Nxa3 31. Re7+ Kc6 32. e4 Nb5+ 33. Kd3 Nc7 34.
Re1 Rfd8 35. exd5+ Nxd5 36. Be8+ Rxe8 37. Rxe8 Rxe8 38. Rxe8 a5 39. Kc4 b5+ 40.
cxb6 Nxb6+ 41. Kc3 Nd5+ 42. Kb3 Kd7 43. Ra8 Ke6 44. Rxa5 Ne3 45. Kc3 Ng4 46.
d5+ Kd6 47. Kd4 Nxh2 48. Ra6+ Kd7 49. Ra7+ 1-0

[Event "SR 2. liga A 2007/2008"]
[Site "?"]
[Date "2008.03.18"]
[Round "11"]
[White "Pacher, Milan"]
[Black "Blatnicky, Miroslav"]
[Result "1-0"]
[ECO "C11"]
[WhiteElo "2410"]
[BlackElo "2147"]
[PlyCount "103"]
[EventDate "2007.??.??"]
[TimeControl "300"]

1. e4 e6 2. d4 d5 3. Nc3 Nf6 4. e5 Nfd7 5. f4 c5 6. Nf3 Nc6 7. Be3 cxd4 8. Nxd4
Nxd4 9. Bxd4 Bc5 10. Bxc5 Nxc5 11. Qd4 Qb6 12. O-O-O Bd7 13. h4 O-O-O 14. b4
Na6 15. Qxb6 axb6 16. a3 Kb8 17. Kb2 Rc8 18. Bd3 h5 19. Ne2 g6 20. Nd4 Rc7 21.
Rdg1 Rcc8 22. g4 hxg4 23. Rxg4 Rh7 24. Nf3 Rh5 25. Ng5 Be8 26. Rgg1 Rc7 27. Be2
Rh8 28. h5 Ba4 29. hxg6 Rxh1 30. Rxh1 Rxc2+ 31. Kb1 fxg6 32. Bd1 Rc3 33. Kb2
Bxd1 34. Kxc3 Bg4 35. Rh8+ Kc7 36. Rh7+ Kc8 37. Nf7 Nc7 38. Nd6+ Kb8 39. Kd4
Bf5 40. b5 Bg4 41. Rh8+ Ka7 42. Rc8 Na8 43. Rg8 Nc7 44. Rxg6 Be2 45. a4 Bd1 46.
Rg7 Kb8 47. Rg8+ Ka7 48. Nc8+ Kb8 49. Nxb6+ Ka7 50. Kc5 Bc2 51. Nc8+ Kb8 52.
Nd6+ 1-0

[Event "SR 2. liga A 2007/2008"]
[Site "?"]
[Date "2008.03.18"]
[Round "11"]
[White "Pobjecky, Ivan"]
[Black "Flak, Juraj"]
[Result "0-1"]
[ECO "C86"]
[WhiteElo "2040"]
[BlackElo "2035"]
[PlyCount "72"]
[EventDate "2007.??.??"]
[TimeControl "300"]

1. e4 e5 2. Nf3 Nc6 3. Bb5 a6 4. Ba4 Nf6 5. O-O Be7 6. Qe2 b5 7. Bb3 d6 8. a4
Bg4 9. c3 Rb8 10. axb5 axb5 11. Rd1 O-O 12. d3 b4 13. Bd5 Qd7 14. Bxc6 Qxc6 15.
h3 Bh5 16. c4 Ra8 17. Rxa8 Rxa8 18. Nbd2 Ra2 19. Nf1 Qa4 20. Ne3 c6 21. g4 Bg6
22. Qc2 b3 23. Qc3 Nd7 24. Nd2 Nc5 25. Nf5 Bxf5 26. exf5 Bf6 27. Ne4 Nxe4 28.
dxe4 Be7 29. Rd3 Ra1 30. Kg2 Rb1 31. Be3 Qa1 32. Qxb3 Rg1+ 33. Kf3 Qf1 34. Bg5
Qxh3+ 35. Ke2 Qf1+ 36. Kf3 Rh1 0-1

[Event "SR 2. liga A 2007/2008"]
[Site "?"]
[Date "2008.03.18"]
[Round "11"]
[White "Polacik, Igor"]
[Black "Manak, Jozef"]
[Result "1/2-1/2"]
[ECO "A13"]
[WhiteElo "2130"]
[BlackElo "2043"]
[PlyCount "34"]
[EventDate "2007.??.??"]
[TimeControl "300"]

1. Nf3 Nf6 2. c4 e6 3. e3 b6 4. b3 Bb7 5. Bb2 Be7 6. d4 O-O 7. Bd3 Ne4 8. O-O
f5 9. Nc3 d6 10. Nd2 Nxc3 11. Bxc3 e5 12. f3 Nd7 13. b4 Qe8 14. Qc2 Qh5 15. Nb3
Rf6 16. h3 Raf8 17. Kh2 Rh6 1/2-1/2

[Event "SR 4. liga A21 2016/2017"]
[Site "?"]
[Date "2016.11.21"]
[Round "4.1"]
[White "Stolar, Michal"]
[Black "Jozefovic, Milan"]
[Result "1-0"]
[ECO "C27"]
[WhiteElo "1566"]
[BlackElo "1844"]
[PlyCount "93"]
[EventDate "2016.??.??"]
[TimeControl "240+2"]

{126MB, Fritz 14.ctg, TOSHIBA Satellite} 1. e4 e5 2. Bc4 Nf6 3. d3 d6 4. Nc3 c6
5. a4 Be7 6. h3 Nbd7 7. Be3 Nb6 8. Bb3 a5 9. Nf3 c5 10. O-O Bd7 11. Nh2 O-O 12.
f4 Rc8 13. fxe5 dxe5 14. Qe2 Qc7 15. Qf2 Bd8 16. Rad1 c4 17. dxc4 Nxc4 18. Bc1
Qc6 19. Qe2 Bb6+ 20. Kh1 Be6 21. Nf3 Qc5 22. Ng5 Rfe8 23. Nxe6 Rxe6 24. Nd5
Nxd5 25. Rxd5 Qc7 26. Rfd1 Rce8 27. Rd7 Qc5 28. Rf1 Rf8 29. Rfd1 {0} Rc6 30.
R7d5 Qb4 31. Rb5 Qe7 32. Bxc4 h6 33. Bd5 Rg6 34. Rf1 Kh8 35. b3 Qh4 36. Bxf7
Rg3 37. Be6 Rf2 38. Rxf2 Rxh3+ 39. Bxh3 Bxf2 40. Be3 Be1 41. Rxe5 Bb4 42. Bf2
Qf4 43. Re8+ Kh7 44. g3 Qc1+ 45. Kg2 Qb2 46. Qd3 Qe5 47. Rxe5 1-0